| TOP OF THE 1ST |
|
Atlanta Braves batting - Pitching for Los Angeles Dodgers : LHP Dave Righetti
|
|
Pitching: LHP Dave Righetti
|
|
|
Batting: LHB Brett Butler
|
0-0: Hit by Pitch
|
|
Batting: LHB Mike Hargrove
|
0-0: Ball 1-0: Swinging Strike 1-1: Ball 2-1: Ball 3-1: Called Strike 3-2: Base on Balls Brett Butler to second
|
|
Batting: SHB Tony Fernandez
|
0-0: Ball 1-0: Foul Ball, location: 2F 1-1: Single, Error in OF, E8, batter to second base (Groundball, 6MD, EV 102.5 MPH) Brett Butler scores Mike Hargrove to third
|
|
Batting: RHB Craig Kusick
|
0-0: Swinging Strike 0-1: Hit by Pitch
|
|
Batting: LHB Joe L Morgan
|
0-0: Ball 1-0: Fly out, F7 (Flyball, 7LS, EV 88.1 MPH)
|
|
Batting: RHB Gil Flores
|
0-0: Called Strike 0-1: Ball 1-1: Swinging Strike 1-2: Ball 2-2: Ball 3-2: Grounds into double play, 3-6-3 (Groundball, 34S, EV 88.8 MPH)
|
| Top of the 1st over - 1 run, 1 hit, 1 error, 2 left on base; Atlanta 1 - Los Angeles 0 |
| BOTTOM OF THE 1ST |
|
Los Angeles Dodgers batting - Pitching for Atlanta Braves : LHP Danny Jaster
|
|
Pitching: LHP Danny Jaster
|
|
|
Batting: RHB Billy Sample
|
0-0: Ground out 6-3 (Groundball, 6, EV 84.4 MPH)
|
|
Batting: RHB Mike Shelton
|
0-0: Swinging Strike 0-1: Ball 1-1: Ball 2-1: Foul Ball, location: 2F 2-2: Ball 3-2: Base on Balls
|
|
Batting: RHB Dick Davis
|
0-0: Ball 1-0: Ball 2-0: Called Strike 2-1: Fly out, F9 (Flyball, 9S, EV 90.0 MPH)
|
|
Batting: RHB Jerry Keller
|
0-0: Called Strike 0-1: Ball 1-1: Foul Ball, location: 2F 1-2: Ground out 4-3 (Groundball, 34, EV 106.9 MPH)
|
| Bottom of the 1st over - 0 runs, 0 hits, 0 errors, 1 left on base; Atlanta 1 - Los Angeles 0 |
| TOP OF THE 2ND |
|
Atlanta Braves batting - Pitching for Los Angeles Dodgers : LHP Dave Righetti
|
|
Batting: RHB John Freitas
|
0-0: SINGLE (Groundball, 6MD, EV 105.0 MPH)
|
|
Batting: RHB Adam Suman
|
0-0: Ball 1-0: Fly out, F8 (Flyball, 8RD, EV 104.4 MPH)
|
|
Batting: LHB Danny Jaster
|
0-0: Bunted foul 0-1: Sac Bunt to 3S - play at first, batter OUT! 3-4 John Freitas to second
|
|
Batting: LHB Brett Butler
|
0-0: Ball 1-0: Foul Ball, location: 2F 1-1: Ball 2-1: Called Strike 2-2: Ball 3-2: Strikes out looking
|
| Top of the 2nd over - 0 runs, 1 hit, 0 errors, 1 left on base; Atlanta 1 - Los Angeles 0 |
| BOTTOM OF THE 2ND |
|
Los Angeles Dodgers batting - Pitching for Atlanta Braves : LHP Danny Jaster
|
|
Batting: RHB Barry Evans
|
0-0: Ball 1-0: SINGLE (Groundball, 5S, EV 69.4 MPH) (infield hit)
|
|
Pinch Runner at 1st Carney Lansford:
|
|
|
Batting: RHB Roberto Reyes
|
0-0: Ball 1-0: Foul Ball, location: 2F 1-1: Ball 2-1: Swinging Strike 2-2: Foul Ball, location: 2F 2-2: Ball 3-2: Foul Ball, location: 2F 3-2: Foul Ball, location: 2F 3-2: Grounds into double play, 4-6-3 (Groundball, 4, EV 90.0 MPH)
|
|
Batting: SHB Spike Owen
|
0-0: Ball 1-0: Called Strike 1-1: Foul Ball, location: 2F 1-2: SINGLE (Groundball, 4S, EV 61.9 MPH) (infield hit)
|
|
Batting: RHB Dennis Littlejohn
|
0-0: Ball 1-0: Ball 2-0: Ball 3-0: Called Strike 3-1: Base on Balls Spike Owen to second
|
|
Batting: LHB Dave Righetti
|
0-0: Called Strike 0-1: Swinging Strike 0-2: Strikes out swinging
|
| Bottom of the 2nd over - 0 runs, 2 hits, 0 errors, 2 left on base; Atlanta 1 - Los Angeles 0 |
| TOP OF THE 3RD |
|
Atlanta Braves batting - Pitching for Los Angeles Dodgers : LHP Dave Righetti
|
|
Now at 2B: Damaso Garcia
|
|
|
Batting: LHB Mike Hargrove
|
0-0: Called Strike 0-1: Ball 1-1: Ball 2-1: Ball 3-1: Base on Balls
|
|
Batting: SHB Tony Fernandez
|
0-0: Foul Ball, location: 2F 0-1: Ball 1-1: Ball 2-1: Ball 3-1: Swinging Strike 3-2: Fielders Choice at 2nd, 5-4 (Groundball, 15, EV 82.5 MPH)
|
|
Batting: RHB Craig Kusick
|
0-0: Called Strike 0-1: Ball 1-1: SINGLE (Groundball, 6D, EV 96.9 MPH) Tony Fernandez to second Runner from 2nd tries for 3rd, SAFE, no throw by CF
|
|
Batting: LHB Joe L Morgan
|
0-0: Ball 1-0: Ball 2-0: Foul Ball, location: 2F 2-1: Swinging Strike 2-2: Foul Ball, location: 2F 2-2: Ball 3-2: Fielders Choice at 2nd, 6-4 (Groundball, 6, EV 86.9 MPH) Tony Fernandez scores
|
|
Batting: RHB Gil Flores
|
0-0: Ball 1-0: Ball 2-0: Fly out, F8 (Flyball, 8RM, EV 86.9 MPH)
|
| Top of the 3rd over - 1 run, 1 hit, 0 errors, 1 left on base; Atlanta 2 - Los Angeles 0 |
| BOTTOM OF THE 3RD |
|
Los Angeles Dodgers batting - Pitching for Atlanta Braves : LHP Danny Jaster
|
|
Batting: RHB Billy Sample
|
0-0: Foul Ball, location: 2F 0-1: Ball 1-1: Ball 2-1: Ball 3-1: Base on Balls
|
|
Batting: RHB Mike Shelton
|
0-0: Ball 1-0: Ball 2-0: Fielders Choice at 2nd, 2-4 (Groundball, 2L, EV 68.8 MPH)
|
|
Batting: RHB Dick Davis
|
0-0: Ball 1-0: Called Strike 1-1: 2-RUN HOME RUN (Flyball, 78XD, EV 98.1 MPH), Distance : 428 ft
|
|
Batting: RHB Jerry Keller
|
0-0: Ball 1-0: Fly out, F9 (Flyball, 9S, EV 89.4 MPH)
|
|
Batting: RHB Damaso Garcia
|
0-0: Ball 1-0: Fly out, F6 (Line Drive, 6, EV 66.9 MPH)
|
| Bottom of the 3rd over - 2 runs, 1 hit, 0 errors, 0 left on base; Atlanta 2 - Los Angeles 2 |
| TOP OF THE 4TH |
|
Atlanta Braves batting - Pitching for Los Angeles Dodgers : LHP Dave Righetti
|
|
Batting: RHB John Freitas
|
0-0: Called Strike 0-1: SINGLE (Groundball, 6MD, EV 95.0 MPH)
|
|
Batting: RHB Adam Suman
|
0-0: Fielders Choice at 2nd, 5-4 (Groundball, 56, EV 104.4 MPH)
|
|
Batting: LHB Danny Jaster
|
0-0: Sac Bunt to P - play at first, batter OUT! 1-4 Adam Suman to second
|
|
Batting: LHB Brett Butler
|
0-0: Ball 1-0: Foul Ball, location: 2F 1-1: Ball 2-1: Ball 3-1: Foul Ball, location: 2F 3-2: SINGLE (Line Drive, 56D, EV 98.8 MPH) Adam Suman to third Adam Suman scores
|
|
Batting: LHB Mike Hargrove
|
0-0: Called Strike Brett Butler steals 2nd base 0-1: 2-RUN HOME RUN (Flyball, 9LD, EV 93.8 MPH), Distance : 369 ft
|
|
Batting: SHB Tony Fernandez
|
0-0: Ball 1-0: Ground out 6-3 (Groundball, 6, EV 96.3 MPH)
|
| Top of the 4th over - 3 runs, 3 hits, 0 errors, 0 left on base; Atlanta 5 - Los Angeles 2 |
| BOTTOM OF THE 4TH |
|
Los Angeles Dodgers batting - Pitching for Atlanta Braves : LHP Danny Jaster
|
|
Batting: RHB Roberto Reyes
|
0-0: Ball 1-0: Ball 2-0: Ground out 6-3 (Groundball, 6, EV 91.9 MPH)
|
|
Batting: SHB Spike Owen
|
0-0: Foul Ball, location: 2F 0-1: Ground out 5-3 (Groundball, 56, EV 84.4 MPH)
|
|
Batting: RHB Dennis Littlejohn
|
0-0: Called Strike 0-1: Ball 1-1: SINGLE (Flyball, 78S, EV 85.0 MPH)
|
|
Batting: LHB Dave Righetti
|
0-0: Fly out, F8 (Flyball, 8RXD, EV 105.0 MPH)
|
| Bottom of the 4th over - 0 runs, 1 hit, 0 errors, 1 left on base; Atlanta 5 - Los Angeles 2 |
| TOP OF THE 5TH |
|
Atlanta Braves batting - Pitching for Los Angeles Dodgers : LHP Dave Righetti
|
|
Batting: RHB Craig Kusick
|
0-0: Ball 1-0: Ground out 6-3 (Groundball, 56, EV 102.5 MPH)
|
|
Batting: LHB Joe L Morgan
|
0-0: Foul Ball, location: 2F 0-1: Ball 1-1: Foul Ball, location: 2F 1-2: Ball 2-2: Ball 3-2: Base on Balls
|
|
Batting: RHB Gil Flores
|
0-0: Called Strike 0-1: Ball 1-1: Grounds into double play, 5-4-3 (Groundball, 56, EV 81.9 MPH)
|
| Top of the 5th over - 0 runs, 0 hits, 0 errors, 0 left on base; Atlanta 5 - Los Angeles 2 |
| BOTTOM OF THE 5TH |
|
Los Angeles Dodgers batting - Pitching for Atlanta Braves : LHP Danny Jaster
|
|
Batting: RHB Billy Sample
|
0-0: Ball 1-0: Called Strike 1-1: Ball 2-1: Ball 3-1: Fly out, F8 (Flyball, 8RM, EV 84.4 MPH)
|
|
Batting: RHB Mike Shelton
|
0-0: Foul Ball, location: 2F 0-1: Ground out 5-3 (Groundball, 56, EV 104.4 MPH)
|
|
Batting: RHB Dick Davis
|
0-0: Foul Ball, location: 2F 0-1: Called Strike 0-2: SINGLE (Line Drive, 8LM, EV 105.0 MPH)
|
|
Batting: RHB Jerry Keller
|
0-0: Foul Ball, location: 2F 0-1: Foul Ball, location: 2F 0-2: Ball 1-2: SINGLE (Groundball, 34D, EV 93.8 MPH) Dick Davis to second Runner from 2nd tries for 3rd, SAFE, no throw by RF
|
|
Batting: RHB Damaso Garcia
|
0-0: Called Strike 0-1: Foul Ball, location: 2F 0-2: Ball 1-2: Ball 2-2: Fly out, F8 (Line Drive, 8RM, EV 92.5 MPH)
|
| Bottom of the 5th over - 0 runs, 2 hits, 0 errors, 2 left on base; Atlanta 5 - Los Angeles 2 |
| TOP OF THE 6TH |
|
Atlanta Braves batting - Pitching for Los Angeles Dodgers : LHP Dave Righetti
|
|
Batting: RHB John Freitas
|
0-0: Called Strike 0-1: Called Strike 0-2: Ball 1-2: Ball 2-2: Ball 3-2: Strikes out swinging
|
|
Batting: RHB Adam Suman
|
0-0: Ground out U3 (Groundball, 3, EV 94.4 MPH)
|
|
Batting: LHB Danny Jaster
|
0-0: Swinging Strike 0-1: Swinging Strike 0-2: Ball 1-2: Strikes out swinging
|
| Top of the 6th over - 0 runs, 0 hits, 0 errors, 0 left on base; Atlanta 5 - Los Angeles 2 |
| BOTTOM OF THE 6TH |
|
Los Angeles Dodgers batting - Pitching for Atlanta Braves : LHP Danny Jaster
|
|
Batting: RHB Roberto Reyes
|
0-0: Ball 1-0: Ball 2-0: Ground out 4-3 (Groundball, 4, EV 80.0 MPH)
|
|
Batting: SHB Spike Owen
|
0-0: Ball 1-0: Called Strike 1-1: Ground out 6-3 (Groundball, 6M, EV 107.5 MPH)
|
|
Batting: RHB Dennis Littlejohn
|
0-0: Ball 1-0: Reached on error, E4 (Groundball, 4M, EV 106.3 MPH)
|
|
Batting: LHB Dave Righetti
|
0-0: Ball 1-0: Swinging Strike 1-1: Ball 2-1: Foul Ball, location: 2F 2-2: Foul Ball, location: 2F 2-2: Fielders Choice at 2nd, U6 (Groundball, 6M, EV 106.3 MPH)
|
| Bottom of the 6th over - 0 runs, 0 hits, 1 error, 1 left on base; Atlanta 5 - Los Angeles 2 |
| TOP OF THE 7TH |
|
Atlanta Braves batting - Pitching for Los Angeles Dodgers : LHP Dave Righetti
|
|
Batting: LHB Brett Butler
|
0-0: SINGLE (Line Drive, 7S, EV 111.9 MPH)
|
|
Batting: LHB Mike Hargrove
|
0-0: Called Strike 0-1: Ball 1-1: Ball 2-1: Foul Ball, location: 2F 2-2: Ball 3-2: Foul Ball, location: 2F 3-2: Fly out, F9 (Flyball, 9, EV 81.9 MPH)
|
|
Batting: SHB Tony Fernandez
|
0-0: Called Strike 0-1: Called Strike 0-2: Ball 1-2: Grounds into double play, 6-4-3 (Groundball, 6, EV 98.1 MPH)
|
| Top of the 7th over - 0 runs, 1 hit, 0 errors, 0 left on base; Atlanta 5 - Los Angeles 2 |
| BOTTOM OF THE 7TH |
|
Los Angeles Dodgers batting - Pitching for Atlanta Braves : LHP Danny Jaster
|
|
Batting: RHB Billy Sample
|
0-0: Called Strike 0-1: Ball 1-1: Foul Ball, location: 2F 1-2: Ball 2-2: Ball 3-2: Base on Balls
|
|
Batting: RHB Mike Shelton
|
0-0: Ball 1-0: Ball 2-0: Ball 3-0: Base on Balls Billy Sample to second
|
|
Batting: RHB Dick Davis
|
0-0: Called Strike 0-1: Grounds into double play, 1-4-3 (Groundball, P, EV 65.6 MPH) Billy Sample to third
|
|
Batting: RHB Jerry Keller
|
0-0: Ball 1-0: Ground out 1-3 (Groundball, 13, EV 67.5 MPH)
|
| Bottom of the 7th over - 0 runs, 0 hits, 0 errors, 1 left on base; Atlanta 5 - Los Angeles 2 |
| TOP OF THE 8TH |
|
Atlanta Braves batting - Pitching for Los Angeles Dodgers : LHP Dave Righetti
|
|
Batting: RHB Craig Kusick
|
0-0: Called Strike 0-1: Foul Ball, location: 2F 0-2: Strikes out looking
|
|
Batting: LHB Joe L Morgan
|
0-0: Ball 1-0: Ball 2-0: Ball 3-0: Base on Balls
|
|
Batting: RHB Gil Flores
|
0-0: Ball 1-0: Ball Joe L Morgan steals 2nd base 2-0: Called Strike 2-1: Ball 3-1: Swinging Strike 3-2: Strikes out swinging
|
|
Batting: RHB John Freitas
|
0-0: Ball 1-0: Called Strike 1-1: Fly out, F6 (Flyball, 56D, EV 95.6 MPH)
|
| Top of the 8th over - 0 runs, 0 hits, 0 errors, 1 left on base; Atlanta 5 - Los Angeles 2 |
| BOTTOM OF THE 8TH |
|
Los Angeles Dodgers batting - Pitching for Atlanta Braves : LHP Danny Jaster
|
|
Batting: RHB Damaso Garcia
|
0-0: Called Strike 0-1: Ground out 5-3 (Groundball, 56, EV 88.8 MPH)
|
|
Batting: RHB Roberto Reyes
|
0-0: Called Strike 0-1: Ball 1-1: Ball 2-1: Foul Ball, location: 2F 2-2: Ball 3-2: Foul Ball, location: 2F 3-2: DOUBLE (Line Drive, 7LS, EV 104.4 MPH)
|
|
Batting: SHB Spike Owen
|
0-0: Ball 1-0: Ball 2-0: Foul Ball, location: 2F 2-1: SINGLE (Groundball, 3D, EV 106.3 MPH) Roberto Reyes to third Runner from 3rd tries for Home, SAFE, throw by RF to home Spike Owen to second
|
|
Batting: RHB Dennis Littlejohn
|
0-0: Ball 1-0: Ball 2-0: Ball 3-0: Base on Balls
|
|
Pinch Hitting: LHB Darren Daulton
|
0-0: Foul Ball, location: 2F 0-1: Ball 1-1: Called Strike 1-2: Foul Ball, location: 2F 1-2: Ball 2-2: Fly out, F8 (Flyball, 78D, EV 76.3 MPH) Runner from 2nd tags up, SAFE at 3rd with throw by CF
|
|
Pitching: RHP Charlie Lea
|
|
|
Now at 3B: UL Washington
|
|
|
Batting: RHB Billy Sample
|
0-0: Ball 1-0: Ball 2-0: Ball 3-0: Called Strike 3-1: Called Strike 3-2: Foul Ball, location: 2F 3-2: Foul Ball, location: 2F 3-2: Foul Ball, location: 2F 3-2: Strikes out swinging, 2-3 out at first.
|
| Bottom of the 8th over - 1 run, 2 hits, 0 errors, 2 left on base; Atlanta 5 - Los Angeles 3 |
| TOP OF THE 9TH |
|
Atlanta Braves batting - Pitching for Los Angeles Dodgers : LHP Dave Righetti
|
|
Pitching: RHP Steve Foucault
|
|
|
Batting: RHB Adam Suman
|
0-0: Called Strike 0-1: Ball 1-1: Fly out, F7 (Flyball, 7, EV 83.8 MPH)
|
|
Batting: SHB UL Washington
|
0-0: SINGLE (Line Drive, 4MD, EV 95.6 MPH)
|
|
Batting: LHB Brett Butler
|
0-0: Ball UL Washington is caught stealing 2nd base 2-6 1-0: Swinging Strike 1-1: Swinging Strike 1-2: Ball 2-2: Foul Ball, location: 2F 2-2: Fly out, F8 (Flyball, 8LD, EV 101.9 MPH)
|
| Top of the 9th over - 0 runs, 1 hit, 0 errors, 0 left on base; Atlanta 5 - Los Angeles 3 |
| BOTTOM OF THE 9TH |
|
Los Angeles Dodgers batting - Pitching for Atlanta Braves : RHP Charlie Lea
|
|
Now at 3B: Tom Veryzer
|
|
|
Batting: RHB Mike Shelton
|
0-0: Called Strike 0-1: Ball 1-1: Called Strike 1-2: Ball 2-2: Strikes out swinging
|
|
Batting: RHB Dick Davis
|
0-0: Swinging Strike 0-1: Swinging Strike 0-2: Ball 1-2: Strikes out swinging
|
|
Batting: RHB Jerry Keller
|
0-0: Ball 1-0: Called Strike 1-1: Foul Ball, location: 2F 1-2: Foul Ball, location: 2F 1-2: Fly out, F3 (Popup, 3F, EV 65.0 MPH)
|
| Bottom of the 9th over - 0 runs, 0 hits, 0 errors, 0 left on base; Atlanta 5 - Los Angeles 3 |
|